 Dungeon Crawl Stone Soup version 0.31-a0-214-gb37851dbb3 (webtiles) character file.

Game seed: 15344051632027604567

11254 gelatine the Thaumaturge (level 11, -10/81 HPs)
             Began as a Demonspawn Air Elementalist on July 1, 2023.
             Was a Follower of Vehumet.
             Shot with an arrow by a centaur warrior (11 damage)
             ... on level 10 of the Dungeon.
             The game lasted 00:35:50 (14608 turns).

gelatine the Thaumaturge (DsAE)                    Turns: 14608, Time: 00:35:51

Health: -10/81     AC: 13    Str:  8    XL:     11   Next: 46%
Magic:  10/24      EV: 21    Int: 22    God:    Vehumet [*.....]
Gold:   603        SH:  0    Dex: 22    Spells: 18/28 levels left

rFire   . . .        H - +5 hand axe
rCold   . . .        (no shield)
rNeg    . . .        F - +0 steam dragon scales
rPois   .            (no helmet)
rElec   .            (no cloak)
rCorr   .            E - +0 pair of gloves
SInv    .            (no boots)
Will    .....        T - amulet of Fiamnep {RegenMP Int+2 Dex+3}
Stlth   +++          S - ring of Biakluaf {AC+4 Dex+4}
HPRegen 0.33/turn    y - +4 ring of slaying
MPRegen 0.59/turn

%: no passive effects
@: agile
A: thin metallic scales 2, foul stench 3, powered by pain 2
a: Renounce Religion


You were on level 10 of the Dungeon.
You worshipped Vehumet.
Vehumet was aware of your devotion.
You visited 2 branches of the dungeon, and saw 11 of its levels.

You collected 603 gold pieces.

Inventory:

Hand Weapons
 H - a +5 hand axe (weapon)
Armour
 a - a +0 robe
 b - a +0 pair of gloves
 q - a +2 leather armour of poison resistance
 E - a +0 pair of gloves (worn)
 F - +0 steam dragon scales (worn)
 P - +0 acid dragon scales
Jewellery
 g - a +5 ring of evasion
 i - an amulet of faith
 u - a ring of flight
 y - a +4 ring of slaying (right hand)
 C - a ring of protection from fire
 G - a ring of see invisible
 L - a ring of protection from cold
 R - the ring "Jeaxilass" {Wiz rPois rC+}
   (You found it on level 9 of the Dungeon)

   [ring of wizardry]

   It improves your spell success rate.
   rC:        It protects you from cold.
   rPois:     It protects you from poison.
 S - the ring of Biakluaf (left hand) {AC+4 Dex+4}
   (You found it on level 9 of the Dungeon)

   [ring of protection]

   AC:        It affects your AC (+4).
   Dex:       It affects your dexterity (+4).
 T - the amulet of Fiamnep (around neck) {RegenMP Int+2 Dex+3}
   (You found it on level 9 of the Dungeon)

   [amulet of magic regeneration]

   It increases your rate of magic regeneration.
   Int:       It affects your intelligence (+2).
   Dex:       It affects your dexterity (+3).
 U - the ring "Tonyl" {EV+5 Str+3}
   (You found it on level 9 of the Dungeon)

   [ring of evasion]

   EV:        It affects your evasion (+5).
   Str:       It affects your strength (+3).
Wands
 r - a wand of flame (30)
 t - a wand of mindburst (14)
 v - a wand of polymorph (10)
 B - a wand of quicksilver (5)
 O - a wand of charming (2)
Scrolls
 c - 6 scrolls of teleportation
 d - 3 scrolls of vulnerability
 f - 2 scrolls of silence
 j - a scroll of immolation
 l - a scroll of torment {unknown}
 o - 2 scrolls of fog {unknown}
 p - 2 scrolls of amnesia {unknown}
 w - a scroll of fear {unknown}
 z - a scroll of poison {unknown}
 A - 2 scrolls of revelation {unknown}
 K - 2 scrolls of enchant weapon {unknown}
 N - a scroll of identify
 Q - a scroll of noise {unknown}
Potions
 e - 2 potions of curing
 h - 4 potions of haste
 k - a potion of enlightenment
 m - a potion of attraction
 n - a potion of mutation
 s - 3 potions of berserk rage
 x - 2 potions of brilliance
 D - a potion of might
 I - a potion of ambrosia {unknown}
 J - a potion of resistance {unknown}
 M - a potion of degeneration {unknown}


   Skills:
 * Level 5.8 Fighting
 + Level 1.8(1.9) Axes
 + Level 0.3(1.2) Maces & Flails
 + Level 2.3 Armour
 * Level 6.0 Dodging
 + Level 2.8 Stealth
 + Level 1.2 Unarmed Combat
 * Level 9.4 Spellcasting
 * Level 7.3 Conjurations
 * Level 8.7 Air Magic
 + Level 2.0 Evocations


You had 18 spell levels left.
You knew the following spells:

 Your Spells              Type           Power      Damage    Failure   Level
a - Shock                 Conj/Air       100%       1d9       1%          1
b - Static Discharge      Conj/Air       90%        2-6/arc   1%          2
c - Swiftness             Air            48%        N/A       1%          3
d - Airstrike             Air            24%        2d(4-20)  1%          4

Your spell library contained the following spells:

 Spells                   Type           Power      Damage    Failure   Level
 Kiss of Death            Conj/Necr      100%       2d13      1%          1
 Fulminant Prism          Conj/Hex       13%        3d8       14%         4
 Iskenderun's Mystic Bla  Conj/Tloc      26%        2d7       14%         4
 Volatile Blastmotes      Fire/Tloc      20%        2d11      19%         3
 Lee's Rapid Deconstruct  Erth           5%         3d6*      87%         5


Dungeon Overview and Level Annotations

Branches:
Dungeon (10/15)            Temple (1/1) D:4
   Lair: D:8-11         Orc: D:9-12

Altars:
Ashenzari
Dithmenos
Fedhas
Gozag
Hepliaklqana
Kikubaaqudgha
Makhleb
Nemelex Xobeh
Okawaru
Ru
Sif Muna
Trog
Uskayaw
Vehumet
Wu Jian
Xom
Yredelemnul

Shops:
D:4 [


Innate Abilities, Weirdness & Mutations

You are mostly covered in thin metallic scales. (AC +3)
You frequently emit foul miasma when damaged in melee.
You sometimes gain power by taking damage.


Message History

You see here a potion of mutation.
The centaur warrior shoots an arrow.
The arrow hits you!
The centaur warrior shoots an arrow.
The arrow closely misses you.
Casting: Airstrike (dangerous; 1% risk of failure)
Confirm with . or Enter, or press ? or * to list all spells.
Aiming: Airstrike (dangerous; 1% risk of failure)
Press: ? - help, Dir - move target, f/p - centaur warrior
Aim: a centaur warrior, wielding a +0 orcbow (lightly wounded, empty space bonus: 8/8)
The air twists around and strikes the centaur warrior!
The centaur warrior is moderately wounded.
The centaur warrior shoots an arrow.
The arrow barely misses you.
Casting: Airstrike (dangerous; 1% risk of failure)
Confirm with . or Enter, or press ? or * to list all spells.
Aiming: Airstrike (dangerous; 1% risk of failure)
Press: ? - help, Dir - move target, f/p - centaur warrior
Aim: a centaur warrior, wielding a +0 orcbow (moderately wounded, empty space bonus: 5/8)
The air twists around and strikes the centaur warrior!
The centaur warrior is heavily wounded.
Casting: Airstrike (dangerous; 1% risk of failure)
Confirm with . or Enter, or press ? or * to list all spells.
Aiming: Airstrike (dangerous; 1% risk of failure)
Press: ? - help, Dir - move target, f/p - centaur warrior
Aim: a centaur warrior, wielding a +0 orcbow (heavily wounded, empty space bonus: 4/8)
The air twists around and strikes the centaur warrior!
The centaur warrior is severely wounded.
The centaur warrior shoots an arrow.
The arrow hits you!
* * * LOW HITPOINT WARNING * * *
You focus on the pain.
You feel agile all of a sudden.
The centaur warrior shoots an arrow.
The arrow hits you!!
* * * LOW HITPOINT WARNING * * *
Casting: Airstrike (dangerous; 1% risk of failure)
Confirm with . or Enter, or press ? or * to list all spells.
Aiming: Airstrike (dangerous; 1% risk of failure)
Press: ? - help, Dir - move target, f/p - centaur warrior
Aim: a centaur warrior, wielding a +0 orcbow (severely wounded, empty space bonus: 4/8)
The air twists around and strikes the centaur warrior.
The centaur warrior is severely wounded.
The centaur warrior shoots an arrow.
The arrow hits you!
You die...

##..##.#.##...#...#
=##..##..##...#.<.#
.}##.c##.##...#...# #
.##..##...#...#...# .#
##..##..##....#...#..#
...##..##.#...#.....
..##..##......#..#
:##..##.###...c.!#
##..##.......###@#
#..##..#####.# #.#
..##.#.# #.# #.#
.##.##.# #.# #.#
##.###.# #># #.# #..#
#.# #.# #.# ...# #.#
#.# #.# #..# #.# .#
#.# #>.# .# #.#


You could see a centaur warrior.

Vanquished Creatures
  A hydra (D:9)
  3 two-headed ogres (D:9)
  A boulder beetle (D:9)
  A manticore (D:9)
  Maggie (D:8)
  A tengu conjurer (D:9)
  2 trolls (D:9)
  Grinder (D:6)
  Prince Ribbit (D:6)
  A vampire (D:9)
  2 steam dragons
  3 wyverns
  16 yaks
  A vampire mosquito (D:10)
  An acid dragon (D:9)
  Edmund (D:6)
  Duvessa (D:5)
  An orc warrior (D:8)
  2 sky beasts (D:8)
  3 black bears
  An ogre (D:5)
  2 centaurs
  A phantom (D:5)
  4 kobold brigands
  4 bullfrogs
  2 scorpions
  3 wights (D:6)
  Dowan (D:5)
  8 killer bees
  3 howler monkeys
  3 orc priests
  4 hounds
  A jelly (D:6)
  A gnoll bouda (D:8)
  A sleepcap (D:6)
  5 iguanas
  8 orc wizards
  A hound zombie (D:3)
  4 gnolls (D:8)
  7 adders
  A shadow imp (D:7)
  3 ufetubi (D:5)
  An adder zombie (D:3)
  A worm (D:3)
  3 dart slugs
  53 orcs
  8 endoplasms
  4 giant cockroaches
  6 goblins
  7 hobgoblins
  5 quokkas
  6 ball pythons
  8 bats
  2 frilled lizards (D:2)
  22 kobolds
  5 rats
243 creatures vanquished.

Vanquished Creatures (others)
  An acid dragon (D:9)
1 creature vanquished.

Grand Total: 244 creatures vanquished

Notes
Turn   | Place    | Note
-------+----------+-------------------------------------------
     0 | D:1      | gelatine the Demonspawn Air Elementalist began the quest
                  | for the Orb.
     0 | D:1      | Reached XP level 1. HP: 13/13 MP: 3/3
   229 | D:1      | Gained mutation: You sometimes gain a little power by
                  | taking damage. [demonic ancestry]
   229 | D:1      | Reached XP level 2. HP: 19/19 MP: 3/5
   910 | D:1      | Gained mutation: You are partially covered in thin metallic
                  | scales. (AC +2) [demonic ancestry]
   910 | D:1      | Reached XP level 3. HP: 24/24 MP: 3/6
  1750 | D:2      | You fall into a shaft and drop 1 floor!
  1794 | D:3      | HP: 1/24 [orc/+0 trident (8)]
  1795 | D:4      | Found Fecetav's Armour Shoppe.
  1901 | D:4      | Learned a level 2 spell: Static Discharge
  1905 | D:4      | Learned a level 3 spell: Swiftness
  1958 | D:4      | Found a hazy altar of Hepliaklqana.
  2634 | D:2      | Gained mutation: You may rarely emit foul miasma when
                  | damaged in melee. [demonic ancestry]
  2634 | D:2      | Reached XP level 4. HP: 8/31 MP: 0/7
  3292 | D:3      | Reached skill level 1 in Fighting
  3487 | D:3      | Reached skill level 1 in Unarmed Combat
  3487 | D:3      | Gained mutation: You sometimes gain power by taking damage.
                  | [demonic ancestry]
  3487 | D:3      | Reached XP level 5. HP: 30/37 MP: 5/9
  3842 | D:3      | Reached skill level 3 in Spellcasting
  3990 | D:3      | Found a basalt altar of Yredelemnul.
  4156 | D:4      | Found a sacrificial altar of Ru.
  4381 | D:4      | Found a staircase to the Ecumenical Temple.
  4404 | Temple   | Entered the Ecumenical Temple
  5089 | D:4      | Reached XP level 6. HP: 31/43 MP: 2/11
  5319 | D:5      | Entered Level 5 of the Dungeon
  5431 | D:5      | Reached skill level 4 in Spellcasting
  5814 | D:5      | Reached XP level 7. HP: 48/48 MP: 6/13
  6039 | D:5      | Noticed Duvessa
  6039 | D:5      | Noticed Dowan
  6040 | D:5      | Noticed a yak
  6087 | D:5      | Reached skill level 1 in Armour
  6397 | D:5      | Learned a level 4 spell: Airstrike
  6399 | D:5      | Killed Duvessa
  6400 | D:5      | Reached skill level 1 in Evocations
  6415 | D:5      | Killed Dowan
  6735 | D:5      | Killed a yak
  6736 | D:5      | Gained mutation: You sometimes emit foul miasma when
                  | damaged in melee. [demonic ancestry]
  6736 | D:5      | Reached XP level 8. HP: 18/57 MP: 15/15
  7059 | D:5      | Reached skill level 5 in Spellcasting
  7472 | D:6      | Noticed Grinder
  7490 | D:6      | Killed Grinder
  7491 | D:6      | Reached skill level 5 in Air Magic
  8342 | D:6      | Reached skill level 5 in Conjurations
  8344 | D:6      | Noticed Prince Ribbit
  8349 | D:6      | Reached XP level 9. HP: 61/64 MP: 8/17
  8353 | D:6      | Killed Prince Ribbit
  8354 | D:6      | Reached skill level 6 in Spellcasting
  8770 | D:6      | Noticed Edmund
  8782 | D:6      | Killed Edmund
  9694 | D:7      | Found a radiant altar of Vehumet.
  9710 | D:7      | Became a worshipper of Vehumet
 10221 | D:8      | Reached skill level 7 in Spellcasting
 10258 | D:8      | Found an iron altar of Okawaru.
 10760 | D:8      | Reached * piety under Vehumet
 10760 | D:8      | Offered knowledge of Kiss of Death by Vehumet.
 10761 | D:8      | Gained mutation: You frequently emit foul miasma when
                  | damaged in melee. [demonic ancestry]
 10761 | D:8      | Reached XP level 10. HP: 46/73 MP: 0/21
 11208 | D:8      | Noticed Maggie
 11228 | D:8      | Killed Maggie
 11229 | D:8      | Reached skill level 1 in Axes
 11701 | D:9      | Reached skill level 5 in Fighting
 11849 | D:9      | Reached skill level 8 in Spellcasting
 11909 | D:9      | Reached skill level 5 in Dodging
 12028 | D:9      | Noticed a two-headed ogre
 12035 | D:9      | Killed a two-headed ogre
 12321 | D:9      | Noticed a two-headed ogre
 12351 | D:9      | Killed a two-headed ogre
 12536 | D:8      | Gained mutation: You are mostly covered in thin metallic
                  | scales. (AC +3) [demonic ancestry]
 12536 | D:8      | Reached XP level 11. HP: 32/80 MP: 7/23
 12924 | D:9      | Found a runed translucent door.
 12925 | D:9      | Noticed a two-headed ogre
 12934 | D:9      | Noticed a red ugly thing
 12937 | D:9      | Killed a two-headed ogre
 13257 | D:9      | Noticed a four-headed hydra
 13280 | D:9      | Killed a five-headed hydra
 13281 | D:9      | Reached skill level 9 in Spellcasting
 13449 | D:9      | Noticed a boulder beetle
 13521 | D:9      | Killed a boulder beetle
 13920 | D:9      | Identified the ring "Jeaxilass" {Wiz rPois rC+}
 13925 | D:9      | Identified the ring of Biakluaf {AC+4 Dex+4}
 13948 | D:9      | Identified the amulet of Fiamnep {RegenMP Int+2 Dex+3}
 13951 | D:9      | Identified the ring "Tonyl" {EV+5 Str+3}
 14409 | D:10     | Entered Level 10 of the Dungeon
 14547 | D:10     | Noticed a centaur warrior
 14580 | D:10     | Noticed a centaur warrior
 14607 | D:10     | HP: 1/81 [centaur warrior/arrow (19)]
 14608 | D:10     | Shot with an arrow by a centaur warrior

Illustrated notes

Levels and vault maps discovered:
D:1:      dpeg_arrival_connections, layout_rooms, serial_forest,
          infiniplex_forest_zigzag_1, infiniplex_forest_clump_curved,
          infiniplex_forest_end_1, infiniplex_forest_join,
          infiniplex_forest_lined_3_way, infiniplex_forest_end_2
D:2:      layout_rooms
D:3:      layout_basic, lemuel_zombie_altar_yredelemnul
D:4:      layout_loops_cross, nicolae_ru_great_annihilating_truth,
          mainiacjoe_overflow_chevrons, minmay_temple_entry_glassed_door,
          nicolae_stop_n_shop_2
D:5:      minmay_opposing_rooms, layout_basic, uniq_duvessa
D:6:      layout_loops_ring, general_overflow_altar, uniq_edmund,
          uniq_prince_ribbit1, uniq_grinder
D:7:      layout_cave_pools, vehumet_altar_wand_db
D:8:      layout_loops_ring, kennysheep_okawaru_gauntlet, uniq_maggie
D:9:      minmay_the_grid_triangle_9x9_recursive_2
          [minmay_the_grid_triangle_9x9_prize_special,
          minmay_the_grid_triangle_9x9_subtriangle,
          minmay_the_grid_triangle_9x9_dagger,
          minmay_the_grid_triangle_9x9_pentomino_pain], layout_cave_pods
D:10:     layout_long_grid, mainiacjoe_overflow_two_lobes,
          erik_lair_orcish_takeover, abandoned_shop, minmay_diamond_spiral,
          uniq_nergalle
Temple:   minmay_temple_curvy_branch

Skill      XL: |  1  2  3  4  5  6  7  8  9 10 11 |
---------------+----------------------------------+-----
Stealth        | 2 |  2.8
Air Magic      | 3 4 5 6 7 8 |  8.7
Fighting       | 1 2 3 4 5 |  5.8
Dodging        | 2 3 4 5 6 |  6.0
Unarmed Combat | 1 |  1.2
Spellcasting   | 3 4 5 7 8 9 |  9.4
Conjurations   | 2 3 5 6 7 |  7.3
Armour         | 1 2 |  2.3
Evocations     | 1 2 |  2.0
Axes           | 1 |  1.8
Maces & Flails | |  0.3

Action                     |  1- 3 |  4- 6 |  7- 9 | 10-12 || total
---------------------------+-------+-------+-------+-------++-------
  Melee: Unarmed           |    35 |    38 |     1 |       ||    74
         Punch             |     2 |       |     4 |     3 ||     9
         Short sword       |       |       |    21 |       ||    21
         Mace              |       |       |    14 |       ||    14
         Dagger            |       |       |     1 |       ||     1
         Hand axe          |       |       |    13 |    60 ||    73
   Cast: Shock             |   101 |   161 |   306 |    28 ||   596
         Static Discharge  |     4 |     4 |    18 |    30 ||    56
         Airstrike         |       |       |    15 |    73 ||    88
         Swiftness         |       |       |     2 |     1 ||     3
  Evoke: Wand              |       |     6 |       |     1 ||     7
    Use: Potion            |     1 |     1 |       |     3 ||     5
         Scroll            |       |     4 |     5 |     2 ||    11
   Stab: Sleeping          |       |       |     1 |       ||     1
 Armour: Robe              |    11 |    12 |       |       ||    23
         Leather armour    |       |    14 |    24 |       ||    38
         Steam dragon scal |       |       |    14 |    28 ||    42
  Dodge: Dodged            |    53 |    90 |   135 |   133 ||   411

Table legend: (Time is in decaauts)
 A = Elapsed time spent in this place.
 B = Non-inter-level travel time spent in this place.
 C = Inter-level travel time spent in this place.
 D = Time resting spent in this place.
 E = Time spent auto-exploring this place.
 F = Levels seen in this place.
 G = Mean time per level.
                   A        B        C        D        E       F      G
               +--------+--------+--------+--------+--------+-----+--------+
         Total |  14630 |  14065 |    565 |      0 |  12041 |  11 | 1330.0 |
       Dungeon |  14370 |  13810 |    560 |      0 |  11795 |  10 | 1437.0 |
        Temple |    259 |    254 |      5 |      0 |    246 |   1 |  259.0 |
               +--------+--------+--------+--------+--------+-----+--------+

Top non-repeatable levels by time:
     D:8: 2197 daAuts
     D:9: 2036 daAuts
     D:5: 2025 daAuts
     D:3: 1682 daAuts
     D:6: 1565 daAuts
     D:1: 1412 daAuts
     D:4: 1304 daAuts
     D:7: 1224 daAuts
     D:2: 766 daAuts
  Temple: 259 daAuts
    D:10: 155 daAuts
